AoeStats
← RueTang90

Nomad

509494581Analyzed
3v3 RM · 4d ago on Sep 27, 2026· 65m 36s· 6 players
Game mode
Random Map
Map size
210×210
Population
200
Speed
Normal
Resources
Standard
Victory
Conquest
Starting age
Dark Age
Ending age
Imperial Age
RankedLock teamsTeams togetherTeam positionsShared explorationLock speedFull tech treeHidden civsTurbo modeCheats
Victory
Defeat
🇨🇦 Italians · Canada
1066
+14
🇺🇸 Romans · United States
1059
+14
🇺🇸 Varangians · United States
853
+23
🇺🇸 Burgundians · United States
1025
-17
🇱🇺 Britons · Luxembourg
1011
-17
🇵🇱 Varangians · Poland
1004
-17
RueTang90
9:10 Loom
11:41 Fishing Lines
14:10 Feudal Age
16:18 Double-Bit Axe
23:09 Castle Age
21:44 Gold Mining
24:30 Medium Warships
25:23 Pikeman
26:08 Scale Mail Armor
29:45 Husbandry
30:53 Gold Shaft Mining
35:00 Fletching
35:17 Scale Barding Armor
36:00 Bodkin Arrow
37:20 Forging
37:23 Horse Collar
39:39 Wheelbarrow
38:45 Cavalier
40:38 Chain Barding Armor
44:59 Imperial Age
44:29 Ballistics
44:52 Iron Casting
45:47 Stone Mining
47:33 Plate Barding Armor
48:59 Burgundian Vineyards
51:40 Heavy Plow
52:50 Padded Archer Armor
52:19 Light Cavalry
53:42 Paladin
55:48 Hussar
58:26 Halberdier
59:10 Squires
60:54 Elite Skirmisher
61:57 Leather Archer Armor
61:43 Bracer
62:45 Blast Furnace
Viking
4:53 Loom
17:11 Feudal Age
18:21 Fishing Lines
19:07 Double-Bit Axe
23:06 Castle Age
21:52 Fletching
23:48 Bodkin Arrow
25:55 Gillnets
33:20 Ballistics
33:14 Clinker Construction
43:59 Bloodlines
43:49 Husbandry
52:20 Scale Barding Armor
52:25 Forging
56:35 Vendel Legacy
Badungster
7:58 Loom
14:53 Feudal Age
15:45 Man-at-Arms
21:01 Forging
22:52 Scale Mail Armor
22:39 Arson
25:50 Castle Age
24:35 Double-Bit Axe
28:10 Fletching
28:38 Bow Saw
28:20 Horse Collar
29:47 Ballistics
31:12 Stone Mining
31:36 Town Watch
32:04 Heavy Plow
32:30 Bodkin Arrow
33:34 Padded Archer Armor
33:39 Long Swordsman
35:27 Leather Archer Armor
36:12 Masonry
35:54 Guard Tower
45:53 Imperial Age
44:59 Wheelbarrow
45:03 Gold Mining
47:12 Yeomen
48:09 Chemistry
48:11 Pikeman
50:50 Gold Shaft Mining
49:46 Capped Ram
54:58 Bracer
Brome
4:49 Loom
16:02 Feudal Age
18:49 Town Watch
18:33 Man-at-Arms
25:04 Scale Mail Armor
31:02 Castle Age
31:33 Stone Mining
31:33 Gold Mining
33:27 Wheelbarrow
33:50 Fletching
42:06 Horse Collar
47:45 Imperial Age
45:57 Double-Bit Axe
45:43 Pikeman
48:51 Squires
49:34 Long Swordsman
49:52 Capped Ram
52:08 Siege Engineers
53:48 Forging
55:15 Hand Cart
55:38 Murder Holes
56:23 Siege Ram
57:01 Heavy Scorpion
58:45 Legionary
60:39 Heavy Plow
60:50 Bow Saw
60:21 Halberdier
65:10 Crop Rotation
jalouis79
7:34 Loom
14:00 Feudal Age
14:42 Fishing Lines
18:17 Castle Age
18:58 Forging
19:15 Medium Warships
20:16 Iron Casting
19:50 Double-Bit Axe
20:48 Bow Saw
20:41 Gillnets
23:18 Demolition Ship
25:53 Wheelbarrow
26:01 Horse Collar
26:53 Gold Mining
27:11 Stone Mining
28:43 Careening
28:44 Heavy Plow
28:37 Fletching
29:28 Clinker Construction
30:43 Siphons
34:01 Ballistics
36:45 Imperial Age
34:51 Hand Cart
35:35 Padded Archer Armor
36:52 Scale Mail Armor
37:14 Bodkin Arrow
37:32 Masonry
41:19 Chemistry
41:16 Crossbowman
44:00 Thumb Ring
45:43 Conscription
45:53 Leather Archer Armor
46:31 Arbalester
47:15 Treadmill Crane
48:09 Ring Archer Armor
48:26 Crop Rotation
49:18 Stone Shaft Mining
48:52 Bracer
50:59 Blast Furnace
50:59 Chain Mail Armor
52:21 Hoardings
51:49 Elite Genoese Crossbowman
52:56 Elite Skirmisher
55:48 Two-Man Saw
55:36 Architecture
55:40 Plate Mail Armor
57:37 Bombard Tower
59:39 Scale Barding Armor
60:56 Chain Barding Armor
64:37 Pirotechnia
65:48 Murder Holes
NJ Liftsss
5:47 Loom
15:49 Feudal Age
19:39 Castle Age
18:57 Forging
18:52 Scale Barding Armor
18:38 Horse Collar
20:40 Bloodlines
20:32 Husbandry
22:00 Iron Casting
22:36 Wheelbarrow
31:49 Vendel Legacy
32:46 Murder Holes
33:16 Ballistics
39:24 Imperial Age
42:05 Blast Furnace
41:36 Conscription
43:53 Cavalier
48:01 Chain Barding Armor
65:19 Chemistry
65:05 Plate Barding Armor
64:22 Fletching
64:33 Padded Archer Armor
Connection lost

Rejoining the realm…

Still unreachable

The connection could not be restored.

Session expired

The server has moved on; the page needs a fresh start.